 Dungeon Crawl Stone Soup version 0.30-a0-726-gd89dcf765f (webtiles) character file.

Game seed: 4414745947852783175

9553 HoaS the Marksgargoyle (level 11, -2/61 HPs)
             Began as a Gargoyle Hunter on Jan 29, 2023.
             Slain by a komodo dragon (21 damage)
             ... on level 1 of the Lair of Beasts.
             The game lasted 00:24:05 (12152 turns).

HoaS the Marksgargoyle (Gargoyle Hunter)           Turns: 12152, Time: 00:24:06

Health: -2/61      AC: 23    Str: 14    XL:     11   Next: 48%
Magic:  11/11      EV: 13    Int: 11    God:
Gold:   162        SH:  0    Dex: 23    Spells: 10/10 levels left

rFire   . . .      SeeInvis .    o - +0 arbalest
rCold   . . .      Faith    .    (shield currently unavailable)
rNeg    + . .      Spirit   .    t - +0 acid dragon scales
rPois   ∞          Reflect  .    d - +1 helmet
rElec   +          Harm     .    c - +2 cloak
rCorr   +          Rampage  .    v - +2 pair of gloves
Will    +....                    j - +0 pair of boots
Stlth   ++                       (no amulet)
HPRegen 0.30/turn                s - ring of willpower
MPRegen 0.12/turn                h - +6 ring of dexterity

@: no status effects
A: sickness immunity, AC +8, negative energy resistance 1, electricity
resistance, torment resistance 1, petrification resistance
a: no special abilities


You were on level 1 of the Lair of Beasts.
You visited 3 branches of the dungeon, and saw 15 of its levels.

You collected 553 gold pieces.
You spent 391 gold pieces at shops.

Inventory:

Hand Weapons
 o - a +0 arbalest (weapon)
Missiles
 p - a throwing net
Armour
 c - a +2 cloak (worn)
 d - a +1 helmet (worn)
 j - a +0 pair of boots (worn)
 t - +0 acid dragon scales (worn)
 v - a +2 pair of gloves (worn)
Jewellery
 h - a +6 ring of dexterity (right hand)
 s - a ring of willpower (left hand)
Wands
 i - a wand of acid (11)
 m - a wand of flame (63)
 n - a wand of charming (6)
Scrolls
 b - 3 scrolls of immolation
 l - 2 scrolls of teleportation
 x - a scroll of fear
Potions
 e - a potion of cancellation
 f - 2 potions of resistance
 g - 6 potions of curing
 k - 2 potions of invisibility
 q - a potion of mutation
 r - a potion of attraction
 u - a potion of flight
 w - a potion of berserk rage


   Skills:
 - Level 4.1 Fighting
 + Level 17.1 Ranged Weapons
 - Level 3.0 Dodging
 - Level 1.1 Stealth


You had 10 spell levels left.
You didn't know any spells.
Your spell library contained the following spells:

 Spells                   Type           Power      Damage    Failure   Level
 Static Discharge         Conj/Air       0%         2-2/arc   61%         2
 Tukima's Dance           Hex            0%         N/A       83%         3
 Vhi's Electric Charge    Tloc/Air       0%         N/A       83%         3
 Anguish                  Hex/Necr       0%         N/A       99%         4
 Leda's Liquefaction      Hex/Erth       0%         N/A       99%         4
 Passage of Golubria      Tloc           0%         N/A       99%         4
 Arcjolt                  Conj/Air       0%         1d10      100%        5
 Lee's Rapid Deconstruct  Erth           0%         3d4*      100%        5
 Lightning Bolt           Conj/Air       0%         1d11      100%        5
 Yara's Violent Unravell  Hex/Tmut       0%         3d3       100%        5
 Enfeeble                 Hex            0%         N/A       100%        7
 Statue Form              Tmut/Erth      Unusable   N/A       N/A         6

Dungeon Overview and Level Annotations

Branches:
Dungeon (12/15)            Temple (1/1) D:7            Lair (2/5) D:9
  Swamp: Lair:2-3    Shoals: Lair:2-3     Snake: Lair:2-3    Spider: Lair:2-3
    Orc: D:9-12

Altars:
Ashenzari
Cheibriados
Dithmenos
Elyvilon
Fedhas
Gozag
Hepliaklqana
Kikubaaqudgha
Makhleb
Nemelex Xobeh
Okawaru
Qazlal
Ru
Sif Muna
Trog
Uskayaw
Vehumet
Wu Jian
Xom
Yredelemnul
Zin
The Shining One

Shops:
D:9 [?!

Annotations:
D:7 1 runed translucent door, Anon1729's ghost, novice MiMo
D:12 Josephine


Innate Abilities, Weirdness & Mutations

You are immune to sickness and miasma.
Your stone body is resilient. (AC +8)
You are immune to poison.
You resist negative energy. (rN+)
You are resistant to electric shocks. (rElec)
You are resistant to unholy torment.
You are immune to petrification.


Message History

You see here a komodo dragon corpse.
You see here a +0 trident.
You see here a potion of magic.
Done exploring.
Done exploring.
You have 162 gold pieces.
Unknown command.
Done exploring.
Done exploring.
(D) Dungeon (T) Temple (L) Lair
Where to? (Enter - Lair:1, ? - help)
There is a stone staircase leading down here.
You climb downwards.
The komodo dragon hisses angrily.
Found a scroll of amnesia.
There is a stone staircase leading up here.
A komodo dragon is nearby!
The komodo dragon bites you but does no damage.
You climb upwards.
There is a stone staircase leading down here.
You shoot a bolt.
The bolt completely misses the komodo dragon.
The komodo dragon bites you!
You shoot a bolt.
The bolt hits the komodo dragon but does no damage.
The komodo dragon bites you!
You shoot a bolt.
The bolt hits the komodo dragon but does no damage.
The komodo dragon bites you!
You are too injured to fight recklessly!
You shoot a bolt.
The bolt closely misses the komodo dragon.
The komodo dragon bites you but does no damage.
You shoot a bolt.
The bolt closely misses the komodo dragon.
The komodo dragon bites you!
You shoot a bolt. The bolt hits the komodo dragon!!
The komodo dragon is severely wounded.
The komodo dragon bites you!!
You die...

#........## #.#### #P
#........## ### ##.
##.......#.# ###..
#........### ##....
######...####
###.....
###.##.#######.#.....
##...................
#...........###......
#..l@.##.#### #......
##.######## #......
#..# ##..... ####
######


You could see a komodo dragon.

Vanquished Creatures
  Joseph (D:8)
  Maggie (D:8)
  2 cane toads (Lair:1)
  4 komodo dragons
  2 trolls
  A hornet (D:8)
  Grinder (D:3)
  Sigmund (D:6)
  A shadow (D:10)
  3 yaks (D:10)
  4 wraiths (D:12)
  Eustachio (D:6)
  2 basilisks
  2 steam dragons
  4 water moccasins
  3 orc warriors
  2 ice beasts
  A sky beast (D:6)
  5 black bears
  An ogre (D:6)
  A wolf (D:8)
  4 centaurs
  4 kobold brigands
  6 bullfrogs
  2 necrophages
  A gnoll sergeant (D:9)
  3 wights (D:8)
  3 howler monkeys (D:8)
  13 killer bees
  2 orc priests
  2 gnoll boudas
  A jelly (D:3)
  Crazy Yiuf (D:6)
  6 hounds
  2 iguanas (D:5)
  9 orc wizards
  Robin (D:2)
  9 adders
  21 gnolls
  2 white imps
  2 ufetubi
  4 worms (D:3)
  A dart slug (D:5)
  18 orcs
  8 endoplasms
  2 giant cockroaches (D:1)
  18 goblins
  9 hobgoblins
  3 quokkas
  2 ball pythons (D:3)
  2 bats
  6 frilled lizards
  22 kobolds
  4 rats
236 creatures vanquished.

Vanquished Creatures (others)
  A fungus (D:6)
  35 plants
36 creatures vanquished.

Grand Total: 272 creatures vanquished

Notes
Turn   | Place    | Note
-------+----------+-------------------------------------------
     0 | D:1      | HoaS the Gargoyle Hunter began the quest for the Orb.
     0 | D:1      | Reached XP level 1. HP: 12/12 MP: 1/1
    81 | D:1      | Reached XP level 2. HP: 17/17 MP: 2/2
   481 | D:2      | Reached XP level 3. HP: 21/21 MP: 3/3
   530 | D:2      | Found a hazy altar of Hepliaklqana.
   564 | D:2      | Reached skill level 5 in Ranged Weapons
   788 | D:2      | Noticed Robin
   882 | D:2      | Killed Robin
   883 | D:2      | Reached XP level 4. HP: 19/26 MP: 4/4
  1309 | D:3      | Reached skill level 6 in Ranged Weapons
  1418 | D:3      | Reached XP level 5. HP: 25/30 MP: 5/5
  1447 | D:3      | Noticed Grinder
  1993 | D:4      | Reached skill level 7 in Ranged Weapons
  2016 | D:4      | Reached XP level 6. HP: 35/35 MP: 6/6
  2351 | D:5      | Entered Level 5 of the Dungeon
  2568 | D:4      | Reached skill level 8 in Ranged Weapons
  2716 | D:3      | Paralysed by Grinder for 3 turns
  2851 | D:3      | Reached XP level 7. HP: 40/40 MP: 7/7
  3171 | D:3      | Found a sacrificial altar of Ru.
  3276 | D:3      | Identified the +1 scale mail "Puotulekk" {Int+3}
  3332 | D:3      | Killed Grinder
  3333 | D:3      | Reached skill level 9 in Ranged Weapons
  3997 | D:5      | Reached XP level 8. HP: 44/44 MP: 8/8
  4166 | D:5      | Reached skill level 10 in Ranged Weapons
  4516 | D:6      | Reached skill level 11 in Ranged Weapons
  5045 | D:6      | Noticed Eustachio
  5046 | D:6      | Reached XP level 9. HP: 48/48 MP: 9/9
  5066 | D:6      | Killed Eustachio
  5067 | D:6      | Reached skill level 12 in Ranged Weapons
  5277 | D:6      | Identified the amulet "Dyguas" {Faith Dex+3}
  5380 | D:6      | Noticed Sigmund
  5384 | D:6      | Killed Sigmund
  5401 | D:6      | Found a hazy altar of Hepliaklqana.
  5732 | D:6      | Found a runed translucent door.
  5733 | D:6      | Noticed Crazy Yiuf
  5740 | D:6      | Killed Crazy Yiuf
  5741 | D:6      | Reached skill level 13 in Ranged Weapons
  6041 | D:7      | Found a runed translucent door.
  6046 | D:7      | Noticed Anon1729's ghost (novice MiMo)
  6503 | D:7      | Found a staircase to the Ecumenical Temple.
  6641 | Temple   | Entered the Ecumenical Temple
  6954 | D:8      | Reached skill level 14 in Ranged Weapons
  7039 | D:8      | Reached XP level 10. HP: 50/53 MP: 10/10
  7042 | D:8      | Found a white marble altar of Elyvilon.
  7195 | D:8      | Noticed Maggie
  7221 | D:8      | Killed Maggie
  7647 | D:8      | Noticed Joseph
  7866 | D:8      | Killed Joseph
  7867 | D:8      | Reached skill level 15 in Ranged Weapons
  8097 | D:8      | Found a blossoming altar of Fedhas.
  8689 | D:9      | Found Gofenot's Magic Scroll Shop.
  9181 | D:9      | Reached skill level 16 in Ranged Weapons
  9260 | D:9      | Found Adwog's Distillery.
  9274 | D:9      | Bought a potion of curing for 48 gold pieces
  9274 | D:9      | Bought a potion of curing for 48 gold pieces
  9274 | D:9      | Bought a potion of curing for 48 gold pieces
  9633 | D:9      | Found a staircase to the Lair.
  9646 | D:9      | You fall into a shaft and drop 3 floors!
  9684 | D:12     | Reached XP level 11. HP: 31/57 MP: 11/11
  9778 | D:12     | Noticed Josephine
 10048 | D:10     | Entered Level 10 of the Dungeon
 10048 | D:10     | Found a glowing golden altar of the Shining One.
 10055 | D:10     | Found an iron altar of Okawaru.
 10056 | D:10     | Found a shadowy altar of Dithmenos.
 10060 | D:10     | Found a bloodstained altar of Trog.
 10137 | D:10     | Reached skill level 17 in Ranged Weapons
 10685 | D:9      | Found Jearchah's Armour Boutique.
 10692 | D:9      | Bought a +2 pair of gloves for 247 gold pieces
 11098 | Lair:1   | Entered Level 1 of the Lair of Beasts
 12152 | Lair:1   | Slain by a komodo dragon

Illustrated notes

Levels and vault maps discovered:
D:1:      dpeg_arrival_rhombus, layout_rooms
D:2:      layout_rooms, basic_altar, serial_bayou, serial_bayou_shore_b,
          serial_bayou_shore_b, serial_bayou_crossing, serial_bayou_lake_a,
          uniq_robin
D:3:      layout_loops_corners, nicolae_ru_path_of_blood, uniq_grinder
D:4:      layout_loops_corners
D:5:      layout_rooms
D:6:      layout_loops_cross, lemuel_tele_altar, grunt_decor_arrowhead,
          nicolae_hexahallways, uniq_sigmund, uniq_crazy_yiuf_cottage,
          uniq_eustachio
D:7:      layout_loops_ring, minmay_temple_entry_enclosed_plants,
          ebering_ghost_reflecting_pool
D:8:      layout_loops_corners, hangedman_feature_mirror,
          grunt_decor_one_mirror, uniq_grum, uniq_joseph, uniq_maggie
D:9:      layout_layer_cave, david_lair_shrubbed, serial_shops,
          nicolae_lakefront_shop, nicolae_take_the_stairs,
          nicolae_shop_temple_entry_statues_fountains
D:10:     layout_roguey, minitemple, nicolae_wwwww,
          hangedman_abyss_or_decor_stagger
D:11:     layout_stronghold, serial_column_ruins, column_ruins_columns_corner,
          column_ruins_columns_dead_end, column_ruins_grid_1,
          nrook_guardian_serpent_ordinary
D:12:     layout_basic, orc_0_dummy, uniq_josephine
Temple:   minmay_temple_bridge_d
Lair:1:   layout_cave_pods, enter_volcano_1
Lair:2:   layout_gridlike, hangedman_lair_unloving_vines, uniq_gastronok

Skill      XL: |  1  2  3  4  5  6  7  8  9 10 11 |
---------------+----------------------------------+-----
Ranged Weapons | 5 6 7 8 9 11 14 16 17 | 17.1
Dodging        | 3 |  3.0
Fighting       | 4 |  4.1
Stealth        | |  1.1

Action                     |  1- 3 |  4- 6 |  7- 9 | 10-12 || total
---------------------------+-------+-------+-------+-------++-------
   Fire: Shortbow          |   106 |   131 |   408 |   478 ||  1123
         Arbalest          |       |       |       |     6 ||     6
    Use: Scroll            |     3 |     6 |     6 |    12 ||    27
         Potion            |       |     3 |       |     2 ||     5
 Armour: Leather armour    |    17 |    39 |    74 |     6 ||   136
         Acid dragon scale |       |       |       |    95 ||    95
  Dodge: Dodged            |    32 |    64 |    93 |   147 ||   336

Table legend: (Time is in decaauts)
 A = Elapsed time spent in this place.
 B = Non-inter-level travel time spent in this place.
 C = Inter-level travel time spent in this place.
 D = Time resting spent in this place.
 E = Time spent auto-exploring this place.
 F = Levels seen in this place.
 G = Mean time per level.
                   A        B        C        D        E       F      G
               +--------+--------+--------+--------+--------+-----+--------+
         Total |  12142 |  11430 |    712 |   1978 |   7299 |  15 |  809.5 |
       Dungeon |  10729 |  10202 |    527 |   1880 |   6305 |  12 |  894.1 |
        Temple |    376 |    222 |    154 |      0 |    213 |   1 |  376.0 |
          Lair |   1036 |   1006 |     30 |     98 |    781 |   2 |  518.0 |
               +--------+--------+--------+--------+--------+-----+--------+

Top non-repeatable levels by time:
     D:8: 1655 daAuts
     D:9: 1581 daAuts
     D:4: 1416 daAuts
     D:6: 1293 daAuts
     D:3: 1082 daAuts
  Lair:1: 1034 daAuts
     D:2: 892 daAuts
     D:5: 839 daAuts
     D:7: 778 daAuts
     D:1: 504 daAuts
  Temple: 376 daAuts
    D:10: 293 daAuts
    D:12: 260 daAuts
    D:11: 132 daAuts
  Lair:2: 1 daAuts
